 Dungeon Crawl Stone Soup version 0.20.1-1-g8b1a95d (webtiles) character file.

60 supernedo the Skirmisher (level 3, -3/43 HPs)
             Began as a Demonspawn Berserker on Nov 7, 2017.
             Was a Follower of Trog.
             Slain by a worm (9 damage)
             ... on level 2 of the Dungeon.
             The game lasted 00:06:58 (1897 turns).

supernedo the Skirmisher (Demonspawn Berserker)     Turns: 1897, Time: 00:06:59

Health: -3/43      AC:  3    Str: 22    XL:     3   Next: 80%
Magic:  3/3        EV: 12    Int:  8    God:    Trog [*.....]
Gold:   120        SH:  0    Dex: 13    Spells: 2/2 levels left

rFire    . . .     SeeInvis .   a - +0 hand axe
rCold    . . .     Gourm    .   (no shield)
rNeg     . . .     Faith    .   e - +0 leather armour (curse)
rPois    .         Spirit   .   (no helmet)
rElec    .         Reflect  .   (no cloak)
rCorr    .         Harm     .   (no gloves)
MR       .....                  (no boots)
Stlth    ..........             (no amulet)
Regen    0.2/turn               (no ring)
MPRegen  0.1/turn               (no ring)

@: berserking, very quick
A: nightstalker 1
a: Berserk, Burn Spellbooks, Renounce Religion


You were on level 2 of the Dungeon.
You worshipped Trog.
Trog was aware of your devotion.
You were near starving.

You visited 1 branch of the dungeon, and saw 2 of its levels.

You collected 120 gold pieces.

Inventory:

Hand Weapons
 a - a +0 hand axe (weapon)
Armour
 b - a +0 animal skin
 e - a cursed +0 leather armour (worn)
 g - a +2 ring mail of fire resistance
Scrolls
 h - 2 scrolls of identify {unknown}
 i - a scroll of enchant weapon {unknown}
 j - 2 scrolls of teleportation {unknown}
 l - a scroll of fog {unknown}
 m - a scroll of random uselessness {unknown}
 o - a scroll of amnesia {unknown}
 p - a scroll of enchant armour {unknown}
Potions
 d - 2 potions of curing {unknown}
 k - a potion of lignification {unknown}
 n - a potion of ambrosia {unknown}
Comestibles
 c - 2 bread rations
 f - 2 meat rations


   Skills:
 + Level 3.4 Fighting
 + Level 3.3 Axes
 + Level 2.1 Armour
 + Level 2.2 Dodging
 * Level 1.1 Stealth


You had 2 spell levels left.
You didn't know any spells.

Dungeon Overview and Level Annotations

Branches:
Dungeon (2/15)

Altars:


Innate Abilities, Weirdness & Mutations

You are slightly more attuned to the shadows.


Message History

The kobold shouts!
The worm closely misses you. The worm bites you! The worm bites you!
* * * LOW HITPOINT WARNING * * *
The kobold throws a stone.
The stone hits you.
* * * LOW HITPOINT WARNING * * *
A red film seems to cover your vision as you go berserk!
You feel yourself moving faster!
You feel mighty!
You are near starving!
You hit the worm.
The worm is moderately wounded.
The worm bites you.
* * * LOW HITPOINT WARNING * * *
You hit the worm.
The worm is moderately wounded.
You barely miss the worm.
The worm is moderately wounded.
The worm bites you!
You die...

#.............#.#.#
#.............#.#.#
#####...........<.#.#.#
....#...........#.#.#.#
....#.............#.#.#
....#............##.#.#
....#...............#.####
....#...........##.......#
....########'#..@wK......#
....# #.#####.......#
....# #.# #.......# #####
#.# #.......#
############.# #.......#
............># #....[..#
####....(...## #.......#
#.(......# #.......#
#........# #.......#


You could see a worm and a kobold.

Vanquished Creatures
  2 adders (D:2)
  3 worms (D:2)
  A dart slug (D:2)
  A ball python (D:1)
  6 giant cockroaches
  2 goblins
  A hobgoblin (D:1)
  3 bats
  6 frilled lizards
  4 kobolds
  5 rats
34 creatures vanquished.

Notes
Turn   | Place    | Note
-------+----------+-------------------------------------------
     0 | D:1      | supernedo the Demonspawn Berserker began the quest for the Orb.
     0 | D:1      | Reached XP level 1. HP: 18/18 MP: 1/1
   303 | D:1      | Gained mutation: You are slightly more attuned to the shadows. [demonic ancestry]
   303 | D:1      | Reached XP level 2. HP: 23/24 MP: 2/2
  1191 | D:2      | Reached XP level 3. HP: 29/29 MP: 3/3
  1541 | D:2      | Reached skill level 1 in Stealth
  1731 | D:2      | Found a faded altar of an unknown god.
  1897 | D:2      | Slain by a worm

Skill      XL: |  1  2  3 |
---------------+----------+-----
Axes           | 3 |  3.3
Armour         | 2 |  2.1
Dodging        | 2 |  2.2
Stealth        | 1 |  1.1
Fighting       | |  3.4

Action                   || total
-------------------------++-------
Melee: Hand axe          ||   126
Invok: Berserk           ||     2
 Stab: Sleeping          ||     5
  Eat: Chunk             ||     3
Armor: Leather armour    ||    28
Dodge: Dodged            ||    79
